 Dungeon Crawl Stone Soup version 0.30-b1-2-g02819fbbbe (webtiles) character file.

Game seed: 6188476659800330275

576 Flugkiller the Covered (level 7, -4/62 HPs)
             Began as a Minotaur Fighter on May 8, 2023.
             Was an Initiate of Gozag.
             Slain by an ogre
             ... wielding a +0 giant club
              (23 damage)
             ... on level 6 of the Dungeon.
             The game lasted 00:02:05 (3758 turns).

Flugkiller the Covered (Minotaur Fighter)           Turns: 3758, Time: 00:02:06

Health: -4/62      AC:  7    Str: 28    XL:     7   Next: 12%
Magic:  6/6        EV:  9    Int:  5    God:    Gozag
Gold:   246        SH:  4    Dex: 10    Spells: 6/6 levels left

rFire   . . .        a - +1 war axe
rCold   . . .        c - +0 buckler
rNeg    . . .        b - +0 scale mail
rPois   .            (helmet restricted)
rElec   .            (no cloak)
rCorr   .            (no gloves)
SInv    .            (no boots)
Will    .....        (no amulet) Stlth
                     s - +6 ring of strength
HPRegen 0.30/turn    (no ring)
MPRegen 0.10/turn

%: no passive effects
@: gold aura
A: horns 2, retaliatory headbutt
a: Renounce Religion, Potion Petition, Call Merchant, Bribe Branch


You were on level 6 of the Dungeon.
You worshipped Gozag.
Gozag was aware of your devotion.
You visited 2 branches of the dungeon, and saw 7 of its levels.

You collected 300 gold pieces.
You paid 54 gold pieces to Gozag.

Inventory:

Hand Weapons
 a - a +1 war axe (weapon)
Armour
 b - a +0 scale mail (worn)
 c - a +0 buckler (worn)
Jewellery
 s - a +6 ring of strength (left hand)
   (You found it on level 5 of the Dungeon)
Wands
 q - a wand of charming (9)
   (You found it on level 4 of the Dungeon)
Scrolls
 e - 2 scrolls of vulnerability
 f - 2 scrolls of enchant weapon
 k - a scroll of fog
 l - a scroll of magic mapping
 t - 2 scrolls of teleportation
Potions
 d - 2 potions of might
 g - a potion of curing {unknown}
 h - a potion of haste
 m - a potion of berserk rage
 o - a potion of resistance {unknown}
 p - 2 potions of invisibility {unknown}


   Skills:
 * Level 5.8 Fighting
 * Level 5.4 Axes
 * Level 6.0 Armour
 + Level 4.8 Shields
 + Level 1.2 Evocations


You had 6 spell levels left.
You didn't know any spells.
Your spell library was empty.

Dungeon Overview and Level Annotations

Branches:
Dungeon (6/15)             Temple (1/1) D:4

Altars:
Ashenzari
Dithmenos
Elyvilon
Fedhas
Gozag
Hepliaklqana
Kikubaaqudgha
Makhleb
Okawaru
Qazlal
Ru
Sif Muna
Uskayaw
Wu Jian
Yredelemnul
Zin
The Shining One

Annotations:
D:6 Eustachio


Innate Abilities, Weirdness & Mutations

You have a pair of horns on your head.
You reflexively headbutt those who attack you in melee.


Message History

The water moccasin bites you.
You are poisoned.
The water moccasin poisons you!
The water moccasin bites you but does no damage.
You miss the water moccasin. You headbutt the water moccasin!
The water moccasin is heavily wounded.
You feel very sick. The water moccasin bites you.
You are more poisoned.
The water moccasin poisons you!
You barely miss the water moccasin.
The water moccasin is heavily wounded.
You feel very sick. The water moccasin barely misses you.
You furiously retaliate!
You headbutt the water moccasin! You block the water moccasin's attack.
You slash the water moccasin!
You kill the water moccasin!
You feel very sick.
Your Evocations skill increases to level 1!
You have reached level 7!
You feel very sick.
You now have 241 gold pieces (gained 7).
You feel sick.
You start resting.
You feel sick. x7
You are no longer poisoned.
HP restored.
g - a murky silvery potion
Found an escape hatch in the ceiling.
Found a sacrificial altar of Ru.
No target in view!
No target in view!
No target in view!
There is an open door here.
Found a stone staircase leading down.
There is an open door here.
There is an open door here.
An iguana comes into view.
The iguana hisses angrily.
An iguana is nearby!
An iguana is nearby!
You hit the iguana but do no damage. Your headbutt misses the iguana.
The iguana bites you.
You barely miss the iguana. Your headbutt misses the iguana.
You block the iguana's attack.
You hit the iguana.
You headbutt the iguana, but do no damage.
The iguana is lightly wounded.
The iguana bites you! The iguana closely misses you.
You slash the iguana! You headbutt the iguana.
You kill the iguana!
No target in view!
No target in view!
You now have 246 gold pieces (gained 5).
Done exploring.
No target in view!
Done exploring.
Done exploring.
No target in view!
No target in view!
(D) Dungeon (T) Temple
Where to? (Enter - D:5, ? - help)
There is a stone staircase leading down here.
You climb downwards.
Eustachio shouts!
The iguana hisses angrily.
The orc wizard shouts!
The orc shouts! x3
Found a scale mail.
There is a stone staircase leading up here.
There are monsters nearby!
Unknown command.
There are monsters nearby!
There are monsters nearby!
There are monsters nearby!
You slash the orc wizard! Your headbutt misses the orc wizard.
The orc wizard is severely wounded.
You hit the orc.
Eustachio gestures wildly while chanting.
Eustachio blinks!
You block the orc's attack.
The orc wizard hits you but does no damage.
You slash the orc wizard!
You kill the orc wizard!
You slash the ogre! You barely miss the orc.
The ogre hits you with a +0 giant club!!
The orc closely misses you.
Your Armour skill increases to level 6!
You hit the ogre but do no damage.
The ogre is heavily wounded.
You slash the orc!
You kill the orc!
You barely miss the orc. You hit the orc. You barely miss the orc.
The orc hits you but does no damage. The orc hits you with a +0 club.
The orc closely misses you. The ogre hits you with a +0 giant club!
You hit the ogre.
The ogre is heavily wounded.
You hit the orc. You slash the orc! You barely miss the orc.
Eustachio yells, "Perjured traitor, DIE!"
The orc hits you but does no damage. x3; The orc hits you with a +0 mace.
The orc hits you with a +0 short sword. The orc hits you but does no damage.
The ogre hits you with a +0 giant club!!
You die...
Your body crumbles into a pile of gold.

## ##.## .
##[..#.@..
#o@o...#
#.loO...#
#.........#
##.......#.#
##.........
##...####.
..... $
......


You could see Eustachio, an ogre, an iguana and 3 orcs.

Vanquished Creatures
  2 water moccasins (D:5)
  A scorpion (D:4)
  A hound (D:5)
  An orc priest (D:5)
  3 iguanas
  An orc wizard (D:6)
  3 adders
  A white imp (D:5)
  An ufetubus (D:3)
  2 worms
  A dart slug (D:2)
  3 orcs
  10 ball pythons
  5 endoplasms
  4 giant cockroaches
  7 goblins
  7 hobgoblins
  10 jackals
  7 kobolds
  8 quokkas
  6 bats
  5 frilled lizards
  7 rats
96 creatures vanquished.

Vanquished Creatures (others)
  2 plants (D:4)
2 creatures vanquished.

Grand Total: 98 creatures vanquished

Notes
Turn   | Place    | Note
-------+----------+-------------------------------------------
     0 | D:1      | Flugkiller the Minotaur Fighter began the quest for the
                  | Orb.
     0 | D:1      | Reached XP level 1. HP: 19/19 MP: 0/0
    86 | D:1      | Reached XP level 2. HP: 27/27 MP: 1/1
   180 | D:1      | Reached skill level 4 in Armour
   286 | D:1      | Reached XP level 3. HP: 30/33 MP: 2/2
   548 | D:1      | Found a faded altar of an unknown god.
   548 | D:1      | Noticed a green death
   789 | D:2      | Reached XP level 4. HP: 40/41 MP: 3/3
  1338 | D:3      | Found a glowing silver altar of Zin.
  1534 | D:3      | Found an ancient bone altar of Kikubaaqudgha.
  1796 | D:3      | Found a hide-covered altar of Uskayaw.
  1923 | D:4      | Found a hazy altar of Hepliaklqana.
  2065 | D:4      | Reached XP level 5. HP: 15/47 MP: 4/4
  2207 | D:4      | Found a staircase to the Ecumenical Temple.
  2224 | D:4      | Reached skill level 5 in Fighting
  2224 | D:4      | Reached skill level 5 in Armour
  2228 | Temple   | Entered the Ecumenical Temple
  2474 | Temple   | Became a worshipper of Gozag Ym Sagoz the Greedy
  2837 | D:5      | Entered Level 5 of the Dungeon
  2940 | D:5      | Noticed a water moccasin
  2952 | D:5      | Killed a water moccasin
  2953 | D:5      | Reached XP level 6. HP: 6/56 MP: 5/5
  2955 | D:5      | HP: 4/84 [poisoned by a water moccasin]
  2957 | D:5      | HP: 1/56 [poisoned by a water moccasin]
  3248 | D:5      | Reached skill level 5 in Axes
  3374 | D:5      | Noticed a water moccasin
  3379 | D:5      | Killed a water moccasin
  3380 | D:5      | Reached skill level 1 in Evocations
  3380 | D:5      | Reached XP level 7. HP: 41/62 MP: 6/6
  3533 | D:5      | Found a sacrificial altar of Ru.
  3754 | D:6      | Noticed Eustachio
  3757 | D:6      | Reached skill level 6 in Armour
  3758 | D:6      | Slain by an ogre

Illustrated notes

Levels and vault maps discovered:
D:1:      lightli_arrival_maybe_door_vault, layout_rooms,
          dreamdust_ecumenical_altar_sealed_demon
D:2:      layout_loops_ring, minmay_worlds_worst_comb
D:3:      layout_loops_ring, zin_academy, mainiacjoe_overflow_swirl
D:4:      layout_cave_pools, nicolae_hepliaklqana_hazy_memory,
          minmay_temple_entry_purple_smoke
D:5:      layout_basic, nicolae_ru_the_path_less_chosen
D:6:      minmay_evil_eye, layout_loops_cross, tgw_xom, gammafunk_ghost_hive,
          serial_glass, glass_columns_b, glass_columns_b, uniq_eustachio
Temple:   minmay_temple_bridge_abc

Skill      XL: |  1  2  3  4  5  6  7 |
---------------+----------------------+-----
Axes           | 3 4 5 |  5.4
Fighting       | 4 5 |  5.8
Armour         | 4 5 6 |  6.0
Shields        | 4 |  4.8
Evocations     | 1 |  1.2

Action                     |  1- 3 |  4- 6 |  7- 9 || total
---------------------------+-------+-------+-------++-------
  Melee: War axe           |    80 |   126 |     8 ||   214
         Headbutt          |    12 |    21 |     2 ||    35
    Use: Potion            |       |     1 |       ||     1
         Scroll            |       |     9 |       ||     9
   Stab: Distracted        |       |     1 |       ||     1
 Armour: Scale mail        |    42 |    55 |     6 ||   103
  Dodge: Dodged            |    41 |    49 |     3 ||    93
  Block: Buckler           |    15 |    18 |     2 ||    35
